 Dungeon Crawl Stone Soup version 0.23-b1-49-g13d5857 (webtiles) character file.

Game seed: 11791540371676682437

462 Kairos the Chopper (level 7, 0/36 HPs)
             Began as a Vine Stalker Fighter on Feb 3, 2019.
             Slain by an orc warrior
             ... wielding a +0 scimitar
              (10 damage)
             ... on level 6 of the Dungeon.
             The game lasted 00:04:09 (2298 turns).

Kairos the Chopper (Vine Stalker Fighter)           Turns: 2298, Time: 00:04:09

Health: 0/36       AC:  8    Str: 20    XL:     7   Next: 7%
Magic:  0/8        EV:  8    Int:  8    God:
Gold:   122        SH:  9    Dex: 14    Spells: 6/6 levels left

rFire    . . .     SeeInvis .   l - +0 hand axe (elec)
rCold    . . .     Gourm    .   c - +0 shield
rNeg     . . .     Faith    .   b - +0 scale mail
rPois    .         Spirit   +   (no helmet)
rElec    .         Reflect  .   i - +0 cloak
rCorr    .         Harm     .   (no gloves)
MR       .....                  (no boots)
Stlth    ..........             g - amulet of rage
HPRegen  0.52/turn              m - ring of wizardry
MPRegen  0.11/turn              (no ring)

@: berserk cooldown, slowed, very slow
A: fangs 2, regeneration 1, magic shield, antimagic bite, no potion heal 3, rot
immunity
a: Evoke Berserk Rage


You were on level 6 of the Dungeon.
You were near starving.

You visited 1 branch of the dungeon, and saw 4 of its levels.

You collected 122 gold pieces.

Inventory:

Hand Weapons
 a - a +2 war axe
 h - a +1 whip of venom
 l - a +0 hand axe of electrocution (weapon)
 s - a +0 flail of protection
Armour
 b - a +0 scale mail (worn)
 c - a +0 shield (worn)
 i - a +0 cloak (worn)
Jewellery
 g - an amulet of rage (around neck)
 m - a ring of wizardry (left hand)
Scrolls
 e - 6 scrolls of remove curse
Potions
 d - 2 potions of might
 j - a potion of flight {unknown}
 k - 2 potions of berserk rage {unknown}
 n - 2 potions of invisibility {unknown}
 o - a potion of lignification {unknown}
 p - a potion of heal wounds {unknown}
 q - a potion of agility {unknown}
Comestibles
 f - 4 rations


   Skills:
 + Level 3.4 Fighting
 + Level 4.1 Axes
 + Level 3.7 Armour
 + Level 1.6 Dodging
 + Level 0.1 Stealth
 + Level 3.8 Shields


You had 6 spell levels left.
You didn't know any spells.
Your spell library was empty.

Dungeon Overview and Level Annotations

Branches:
Dungeon (3/15)

Altars:

Annotations:
D:3 1 runed translucent door, Crazy Yiuf


Innate Abilities, Weirdness & Mutations

You have extremely sharp teeth.
Your natural rate of healing is unusually fast.
When hurt, damage is shared between your health and your magic reserves.
Your bite disrupts and absorbs the magic of your enemies.
Potions cannot restore your health.
You are immune to rotting.


Message History

You slash the orc priest!
You kill the orc priest!
An orc comes into view. It is wielding a +0 club.
You are no longer berserk.
You are exhausted.
You feel yourself slow down.
The orc shouts!
You block the orc warrior's attack.
You see here a +0 mace.
You hit the orc warrior.
Lightning courses through the orc warrior!
You bite the orc warrior, but do no damage.
The orc warrior is heavily wounded.
You block the orc warrior's attack.
You hit the orc warrior but do no damage.
Lightning courses through the orc warrior!
The orc warrior is almost dead.
The orc warrior hits you but does no damage.
The orc warrior hits you with a +0 scimitar!
You die...

################
#..............#
#..............#######
#....................#
###....................#
#.....†................#
#....†)@oo.............#
#....†###...#..........#
#.....# #...#..........#
#.....# #...#...........
#.$...# #...#...........
#.....# #...#####'###.#.
############...#####.###...
#...>......................
#.##.#########.#####.#o#...


You could see an orc warrior and an orc.

Vanquished Creatures
  An orc warrior (D:6)
  A sky beast (D:6)
  A bullfrog (D:6)
  A jelly (D:6)
  2 orc priests (D:6)
  A centaur skeleton (D:6)
  3 adders (D:2)
  An ooze (D:2)
  2 worms
  A dart slug (D:1)
  5 leopard geckos
  6 orcs
  A ball python (D:3)
  3 giant cockroaches
  A goblin (D:1)
  4 hobgoblins
  2 jackals (D:6)
  4 kobolds
  A quokka (D:3)
  7 bats
  6 frilled lizards
  10 rats
64 creatures vanquished.

Notes
Turn   | Place    | Note
-------+----------+-------------------------------------------
     0 | D:1      | Kairos the Vine Stalker Fighter began the quest for the
                  | Orb.
     0 | D:1      | Reached XP level 1. HP: 11/11 MP: 2/2
   113 | D:1      | Reached XP level 2. HP: 15/16 MP: 3/3
   276 | D:1      | Reached skill level 2 in Axes
   579 | D:2      | Reached XP level 3. HP: 19/19 MP: 4/4
  1408 | D:2      | Gained mutation: Your natural rate of healing is unusually
                  | fast. [Vine Stalker growth]
  1408 | D:2      | Reached XP level 4. HP: 23/23 MP: 5/5
  1750 | D:3      | Found a faded altar of an unknown god.
  1838 | D:3      | Found a runed translucent door.
  1839 | D:3      | Noticed Crazy Yiuf
  1961 | D:3      | You fall through a shaft for 3 floors!
  1993 | D:6      | Reached skill level 3 in Axes
  1993 | D:6      | Reached XP level 5. HP: 28/28 MP: 6/6
  2004 | D:6      | Noticed a sky beast
  2018 | D:6      | Reached skill level 1 in Dodging
  2044 | D:6      | Killed a sky beast
  2044 | D:6      | Reached XP level 6. HP: 11/32 MP: 5/7
  2203 | D:6      | Noticed an orc warrior
  2290 | D:6      | Noticed an orc warrior
  2291 | D:6      | Killed an orc warrior
  2291 | D:6      | Reached skill level 4 in Axes
  2291 | D:6      | Reached XP level 7. HP: 18/36 MP: 2/8
  2298 | D:6      | Slain by an orc warrior

Skill      XL: |  1  2  3  4  5  6 |
---------------+-------------------+-----
Axes           | 2 3 4 |  4.1
Shields        | 3 |  3.8
Fighting       | 3 |  3.4
Armour         | 3 |  3.7
Dodging        | 1 |  1.6
Stealth        | |  0.1

Action                   |  1- 3 |  4- 6 |  7- 9 || total
-------------------------+-------+-------+-------++-------
Melee: War axe           |    99 |     6 |       ||   105
       Bite              |    23 |    17 |     3 ||    43
       Hand axe          |       |    73 |     5 ||    78
 Abil: Evoke Berserk Rag |       |     1 |       ||     1
  Use: Scroll            |     5 |     1 |       ||     6
  Eat: Chunk             |     1 |     3 |       ||     4
Armor: Scale mail        |    57 |    42 |     1 ||   100
Dodge: Dodged            |    29 |    19 |       ||    48
Block: Shield            |    53 |    43 |     2 ||    98
